 Dungeon Crawl Stone Soup version 0.31-a0-430-gf8416d752b (webtiles) character file.

Game seed: 7099477398821952557

94 Impy the Scratcher (level 4, -4/19 HPs)
             Began as a Felid Shapeshifter on July 31, 2023.
             Splashed by a jelly's acid (9 damage)
             ... on level 4 of the Dungeon.
             The game lasted 00:04:59 (2583 turns).

Impy the Scratcher (Felid Shapeshifter)             Turns: 2583, Time: 00:05:00

Health: -4/19      AC: -3    Str: 13    XL:     4   Next: 38%
Magic:  5/5        EV: 17    Int:  9    God:
Gold:   64         SH:  0    Dex: 16    Spells: 3/3 levels left
                                        Lives:  0   Deaths: 1

rFire   . .          .
                       - Unarmed
rCold   . . .        (shield unavailable)
rNeg    . . .        (body armour unavailable)
rPois   .            (helmet unavailable)
rElec   .            (cloak unavailable)
rCorr   .            (gloves unavailable)
SInv    +            (boots unavailable)
Will    .....        (no amulet)
Stlth   +            (no ring)
HPRegen 0.23/turn    (no ring)
MPRegen 0.09/turn

%: no passive effects
@: beast-form, corroded, quick
A: beast (slay +2), very small, claws 1, fangs 3, see invisible, speed 1, shaggy
fur 1, stealthy paws, no weapons or thrown items, no armour, multi-lived
a: Begin Untransformation


You were on level 4 of the Dungeon.
You were a hulking beast.
You visited 1 branch of the dungeon, and saw 4 of its levels.

You collected 94 gold pieces.
You spent 30 gold pieces at shops.

Inventory:

Jewellery
 c - an amulet of magic regeneration
Talismans
 b - a beast talisman (active)
Scrolls
 d - a scroll of identify
 e - a scroll of fog {unknown}
 f - a scroll of noise {unknown}
Potions
 a - a potion of lignification
 g - a potion of curing


   Skills:
 - Level 1.0 Fighting
 - Level 2.6 Dodging
 + Level 5.9 Unarmed Combat
 - Level 3.2 Shapeshifting


You had 3 spell levels left.
You didn't know any spells.
Your spell library was empty.

Dungeon Overview and Level Annotations

Branches:
Dungeon (4/15)
 Temple: D:4-7

Altars:
Fedhas
Kikubaaqudgha

Shops:
D:2 *


Innate Abilities, Weirdness & Mutations

You are a hulking beast.
Your limbs bulge with bestial killing power. (Slay +2)
You have sharp claws.
You have razor-sharp teeth.
You have supernaturally acute eyesight. (SInv)
You cover ground quickly. (Speed+)
You are covered in fur. (AC +1)
Your paws help you pounce on unaware monsters.
You are incapable of wielding weapons or throwing items.
You cannot wear armour.
You gain extra lives every three experience levels.


Message History

a +0 spear; a gnoll corpse You claw the hobgoblin!
You kill the hobgoblin!
No target in view!
Things that are here:
a +0 spear; a gnoll corpse You now have 50 gold pieces (gained 8).
There is an open door here.
You see here an adder skeleton.
There is an escape hatch in the floor here.
You open the door.
There is an open door here.
Done exploring.
(D) Dungeon
Where to? (Enter - D:3, ? - help)
There is an open door here.
There is a stone staircase leading down here.
You climb downwards.
There is a stone staircase leading up here.
Found a blossoming altar of Fedhas.
Found an escape hatch in the ceiling and an escape hatch in the floor.
e - a scroll labelled UPSAKOK LUBLO You now have 64 gold pieces (gained 14).
Found a stone staircase leading up.
Found a rapier.
g - a potion of curing
Found a hand axe and a falchion.
Found a trident.
Found an ancient bone altar of Kikubaaqudgha.
A jelly comes into view.
The jelly quivers.
The jelly hits you. The acid corrodes you!
You are splashed with acid!
You are too injured to fight recklessly!
You are too injured to fight recklessly!
You scratch the jelly.
Your paws burn!
You claw the jelly.
The jelly is heavily wounded.
The jelly hits you.
* * * LOW HITPOINT WARNING * * *
You are splashed with acid!
You die...

#+#
..~≈≈~.P♣..≈≈≈~.#.#
...~≈~~.<♣~≈≈~..#.#
...~≈≈~~~~≈≈≈~....#
#...~≈≈≈~≈≈~≈..#..#
## ##....~
~≈~~~..#...# .+
..... ~~......<..
## ... ...####...#
#J# ### ##..# # #h#
.... # #.# ..## #
#+# #.# .... # #.#
#######.# .###
######.# #.......#
#.
.)...).########..#
.#.##....+_'.##..#
###......###.....#
.#.##..)#.....#.##


You could see a jelly.

Vanquished Creatures
  3 gnolls (D:3)
  6 adders
  2 worms
  A dart slug (D:1)
  2 orcs (D:3)
  6 ball pythons
  4 endoplasms
  2 giant cockroaches
  5 goblins
  3 hobgoblins
  4 jackals (D:1)
  5 kobolds
  2 quokkas
  6 bats
  3 frilled lizards
  4 rats
58 creatures vanquished.

Notes
Turn   | Place    | Note
-------+----------+-------------------------------------------
     0 | D:1      | Impy the Felid Shapeshifter began the quest for the Orb.
     0 | D:1      | Reached XP level 1. HP: 9/9 MP: 2/2
   205 | D:1      | Reached XP level 2. HP: 11/12 MP: 3/3
   534 | D:1      | Reached skill level 4 in Unarmed Combat
   979 | D:2      | Reached XP level 3. HP: 9/15 MP: 4/4
  1290 | D:2      | Found Fiefreh's General Store.
  1294 | D:2      | Bought a potion of curing for 30 gold pieces
  1444 | D:2      | Reached XP level 4. HP: 16/19 MP: 5/5
  1525 | D:3      | Reached skill level 5 in Unarmed Combat
  1808 | D:3      | Slain by a gnoll
  1809 | D:3      | Reached XP level 3. HP: 0/15 MP: 4/4
  1948 | D:3      | Reached XP level 4. HP: 17/19 MP: 5/5
  2463 | D:4      | Found a blossoming altar of Fedhas.
  2572 | D:4      | Found an ancient bone altar of Kikubaaqudgha.
  2583 | D:4      | Splashed by a jelly's acid

Illustrated notes

Levels and vault maps discovered:
D:1:      amcnicky_arrival_abandoned_market, layout_loops_ring,
          serial_bayou_pond_b, minmay_surrounded
D:2:      layout_basic, serial_shops, nicolae_shop_competitors_out_of_business
D:3:      layout_basic, chequers_jeans
D:4:      minmay_chambers_of_threes, layout_loops_corners,
          fedhas_ov_isle_minmay, kennysheep_mini, mainiacjoe_overflow_catwalk,
          mainiacjoe_overflow_boulevard, ebering_ghost_sewer_f,
          uniq_crazy_yiuf_cottage

Skill      XL: |  1  2  3  4 |
---------------+-------------+-----
Unarmed Combat | 4 5 |  5.9
Fighting       | |  1.0
Dodging        | |  2.6
Shapeshifting  | |  3.2

Action                     |  1- 3 |  4- 6 || total
---------------------------+-------+-------++-------
  Melee: Unarmed           |    90 |    48 ||   138
         Bite              |    10 |     5 ||    15
         Punch             |     2 |     2 ||     4
    Use: Potion            |     1 |       ||     1
         Scroll            |       |     1 ||     1
   Stab: Sleeping          |     3 |       ||     3
 Armour: Skin              |     3 |     1 ||     4
  Dodge: Dodged            |    48 |    27 ||    75

Table legend: (Time is in decaauts)
 A = Elapsed time spent in this place.
 B = Non-inter-level travel time spent in this place.
 C = Inter-level travel time spent in this place.
 D = Time resting spent in this place.
 E = Time spent auto-exploring this place.
 F = Levels seen in this place.
 G = Mean time per level.
                   A        B        C        D        E       F      G
               +--------+--------+--------+--------+--------+-----+--------+
         Total |   2163 |   2124 |     39 |      0 |   1726 |   4 |  540.8 |
       Dungeon |   2163 |   2124 |     39 |      0 |   1726 |   4 |  540.8 |
               +--------+--------+--------+--------+--------+-----+--------+

Top non-repeatable levels by time:
     D:3: 811 daAuts
     D:1: 671 daAuts
     D:2: 581 daAuts
     D:4: 98 daAuts
